Map: Ice and Chrome LE

Players

iGMacSed (MacSed)

  • Race: Protoss Protoss
  • League: Master
  • Spawn Location: 1:00

JieShi - Winner!

  • Race: Protoss Protoss
  • Spawn Location: 7:00

Event: DreamHack SC2 Masters 2020 Fall

VOD

Have the link to the VOD?

Description

Time

  • Played on: Sept. 6, 2020, 8:42 a.m.
  • Length: 11:31

All games in this series

Show
View Real Time Build Order
Export as new Build Order

iGMacSed Protoss 

Build Orders: Oracle Opening 

Get SALT Encoding   

  12  0:00  Probe  
  13  0:12  Probe  
  14  0:16  Pylon  
  14  0:24  Probe (Chrono Boost)  
  15  0:36  Probe (Chrono Boost)  
  15  0:37  Gateway  
  16  0:44  Probe (Chrono Boost)  
  16  0:45  Assimilator  
  17  0:51  Probe  
  17  0:55  Assimilator  
  18  1:03  Probe (Chrono Boost)  
  19  1:09  Gateway  
  19  1:12  Probe (Chrono Boost)  
  19  1:17  Probe (Chrono Boost)  
  20  1:25  Cybernetics Core  
  21  1:29  Probe  
  22  1:35  Pylon  
  22  1:41  Probe  
  23  1:53  Probe  
  24  2:01  Warp Gate, Stalker x2  
  24  2:05  Probe  
  29  2:13  Pylon  
  29  2:17  Probe  
  30  2:30  Stargate  
  29  2:48  Nexus  
  29  2:56  Stalker  
  31  3:12  Oracle (Chrono Boost)  
  34  3:22  Shield Battery x2  
  34  3:28  Probe  
  34  3:29  Pylon  
  35  3:44  Shield Battery  
  33  3:49  Stalker x2  
  33  3:55  Oracle (Chrono Boost)  
  34  4:02  Probe  
  38  4:05  Shield Battery  
  38  4:08  Probe  
  39  4:16  Stalker  
  41  4:21  Stalker  
  41  4:35  Probe (Chrono Boost)  
  41  4:36  Probe (Chrono Boost)  
  43  4:39  Twilight Council  
  43  4:44  Probe (Chrono Boost)  
  45  4:46  Probe (Chrono Boost)  
  45  4:49  Probe (Chrono Boost)  
  46  4:53  Forge  
  46  4:56  Probe  
  47  5:01  Probe (Chrono Boost)  
  48  5:09  Stalker  
  48  5:13  Blink (Chrono Boost), Probe (Chrono Boost)  
  48  5:14  Probe (Chrono Boost)  
  52  5:19  Probe (Chrono Boost)  
  54  5:22  Probe (Chrono Boost)  
  54  5:25  Protoss Ground Weapons Level 1  
  54  5:27  Probe (Chrono Boost), Pylon  
  56  5:36  Gateway  
  56  5:38  Probe (Chrono Boost)  
  56  5:39  Probe (Chrono Boost)  
  55  5:43  Probe (Chrono Boost)  
  55  5:45  Probe  
  55  5:46  Stalker  
  59  5:50  Stalker  
  59  5:56  Pylon, Probe  
  62  5:58  Assimilator  
  62  6:02  Probe  
  62  6:08  Probe  
  62  6:11  Pylon  
  63  6:15  Pylon  
  63  6:17  Probe  
  64  6:22  Stalker x2  
  68  6:30  Probe  
  66  6:33  Probe  
  66  6:38  Nexus  
  67  6:40  Pylon  
  67  6:42  Probe  
  68  6:49  Stalker x2  
  68  6:51  Stalker  
  68  6:53  Probe  
  75  7:00  Probe  
  76  7:05  Probe  
  77  7:09  Pylon  
  77  7:12  Probe  
  77  7:15  Stalker x3  
  84  7:17  Probe  
  83  7:25  Probe  
  83  7:29  Probe  
  83  7:37  Probe  
  80  7:38  Stalker x3  
  80  7:41  Probe  
  77  7:47  Protoss Ground Weapons Level 2 (Chrono Boost)  
  77  7:49  Probe  
  72  7:53  Probe x2  
  74  8:01  Gateway, Probe  
  74  8:03  Gateway  
  74  8:05  Gateway, Probe x2  
  76  8:08  Stalker x2  
  76  8:09  Stalker  
  82  8:13  Probe  
  82  8:16  Shield Battery  
  82  8:17  Probe  
  84  8:20  Robotics Facility  
  84  8:27  Charge  
  84  8:30  Gateway  
  84  8:32  Gateway  
  84  8:34  Stalker x3  
  90  8:43  Pylon  
  85  9:02  Probe  
  84  9:03  Probe x2  
  84  9:05  Nexus  
  84  9:07  Observer  
  84  9:08  Pylon, Stalker x4  
  95  9:14  Probe  
  95  9:17  Stalker x2  
  100  9:23  Assimilator  
  100  9:25  Photon Cannon  
  100  9:35  Stalker  
  98  9:48  Stalker x4  
  98  9:50  Shield Battery, Stalker  
  108  9:58  Shield Battery  
  106  10:06  Immortal (Chrono Boost)  
  102  10:14  Stalker x2  
  102  10:15  Shield Battery  
  102  10:19  Zealot x6  
  110  10:38  Shield Battery  
  110  10:41  Stalker x4  
  110  10:42  Zealot x4, Pylon  
  103  10:55  Immortal (Chrono Boost)  
  103  11:04  Zealot x7  
  103  11:08  Zealot  
Show
View Real Time Build Order
Export as new Build Order

JieShi Protoss - Winner!

Build Orders: Oracle Opening, Phoenix Opening 

Get SALT Encoding   

  12  0:00  Probe  
  13  0:12  Probe  
  14  0:17  Pylon  
  14  0:24  Probe (Chrono Boost)  
  15  0:37  Probe (Chrono Boost)  
  15  0:38  Gateway  
  16  0:43  Probe (Chrono Boost)  
  16  0:46  Assimilator  
  17  0:51  Probe  
  17  0:55  Assimilator  
  18  1:03  Probe (Chrono Boost)  
  19  1:07  Gateway  
  19  1:13  Probe (Chrono Boost)  
  19  1:18  Probe (Chrono Boost)  
  21  1:25  Cybernetics Core  
  21  1:29  Probe  
  22  1:37  Pylon  
  22  1:41  Probe  
  23  1:55  Probe  
  24  2:01  Warp Gate  
  24  2:02  Adept x2  
  28  2:11  Pylon  
  28  2:19  Shield Battery  
  28  2:24  Pylon  
  28  2:31  Stargate  
  28  2:32  Stalker  
  30  2:39  Stalker  
  32  3:03  Nexus  
  32  3:11  Probe  
  33  3:14  Oracle (Chrono Boost)  
  36  3:23  Probe  
  36  3:25  Pylon  
  37  3:38  Probe  
  38  3:42  Shield Battery  
  38  3:47  Phoenix  
  40  3:59  Probe  
  41  4:04  Twilight Council  
  41  4:11  Probe (Chrono Boost)  
  42  4:23  Probe (Chrono Boost)  
  42  4:24  Probe (Chrono Boost)  
  41  4:32  Phoenix (Chrono Boost)  
  41  4:33  Probe x2 (Chrono Boost)  
  41  4:38  Probe x2 (Chrono Boost)  
  44  4:45  Blink  
  46  4:49  Probe  
  46  4:52  Phoenix (Chrono Boost)  
  47  4:53  Probe  
  50  5:01  Shield Battery, Probe  
  50  5:05  Probe  
  52  5:08  Sentry  
  52  5:10  Assimilator  
  52  5:13  Probe  
  55  5:17  Stalker, Probe  
  58  5:25  Probe  
  58  5:26  Forge  
  59  5:29  Probe  
  60  5:37  Probe  
  60  5:41  Probe  
  62  5:43  Pylon  
  62  5:51  Pylon  
  62  5:56  Pylon  
  62  5:57  Gateway  
  62  6:01  Protoss Ground Weapons Level 1 (Chrono Boost), Probe  
  64  6:07  Robotics Facility  
  64  6:10  Nexus  
  63  6:13  Shield Battery, Probe  
  63  6:16  Probe  
  65  6:22  Stalker  
  65  6:25  Probe  
  65  6:28  Probe  
  65  6:31  Stalker  
  67  6:37  Probe  
  67  6:38  Gateway  
  68  6:40  Gateway, Probe  
  69  6:49  Probe  
  69  6:51  Gateway  
  69  6:52  Probe  
  71  6:57  Stalker  
  71  6:58  Stalker  
  71  6:59  Observer (Chrono Boost)  
  76  7:01  Probe  
  76  7:03  Assimilator  
  76  7:04  Probe  
  76  7:08  Sentry  
  80  7:13  Probe  
  80  7:14  Photon Cannon  
  81  7:16  Pylon, Probe  
  82  7:25  Probe  
  82  7:26  Stalker  
  82  7:27  Stalker  
  83  7:33  Stalker x2  
  81  7:41  Stalker  
  78  7:46  Probe  
  78  7:47  Probe  
  79  7:53  Warp Prism (Chrono Boost)  
  79  7:55  Protoss Ground Weapons Level 2 (Chrono Boost), Sentry  
  79  7:56  Sentry, Stalker x2  
  89  7:58  Probe  
  89  8:04  Probe  
  91  8:05  Photon Cannon  
  91  8:07  Shield Battery  
  91  8:14  Stalker  
  91  8:15  Stalker  
  95  8:21  Stalker  
  95  8:26  Gateway  
  97  8:29  Gateway  
  97  8:32  Immortal (Chrono Boost)  
  97  8:40  Pylon  
  101  8:44  Pylon x2  
  101  8:54  Observer  
  99  9:00  Stalker  
  99  9:01  Stalker x5  
  107  9:09  Pylon  
  107  9:19  Pylon  
  107  9:26  Stalker x4  
  107  9:27  Stalker x2  
  107  9:30  Stalker  
  121  9:39  Warp Prism (Chrono Boost)  
  121  9:49  Stalker x4  
  121  9:51  Stalker  
  131  9:58  Stalker x2  
  132  10:14  Stalker x4  
  134  10:18  Pylon  
  140  10:22  Observer (Chrono Boost)  
  140  10:25  Pylon  
  141  10:34  Pylon  
  141  10:37  Stalker x4  
  149  10:44  Stalker x2  
  149  10:49  Stalker  
  153  10:50  Zealot  
  155  11:03  Zealot x3  
  155  11:04  Zealot  
  157  11:13  Stalker x3  
  157  11:14  Stalker  

Tags
 
Add a new tag
Caveats
  • Supply blocks, unpowered buildings, or Contaminate may cause inaccurate times.
  • Supply counts are checked every 10 seconds.